 Dungeon Crawl Stone Soup version 0.18.1-8-gdd0e5ea (webtiles) character file.

2494 imganon the Cleaver (level 9, -12/63 HPs)
             Began as a Demonspawn Berserker on May 22, 2016.
             Was a High Priest of Trog.
             Mangled by an ogre
             ... wielding a +0 giant club
              (26 damage)
             ... on level 8 of the Dungeon.
             The game lasted 00:07:22 (6043 turns).

imganon the Cleaver (Demonspawn Berserker)          Turns: 6043, Time: 00:07:23

Health: -12/63     AC: 11    Str: 21    XL:     9   Next: 28%
Magic:  9/9        EV: 10    Int:  8    God:    Trog [*****.]
Gold:   490        SH:  0    Dex: 13    Spells: 0 memorised, 8 levels left

rFire  . . .     SeeInvis .     p - +0 war axe
rCold  + . .     Gourm    .     B - +1 scale mail {MR+}
rNeg   . . .     Faith    .     (no shield)
rPois  .         Spirit   .     (helmet restricted)
rElec  .         Dismiss  .     y - +0 cloak (curse)
rCorr  .         Reflect  .     (no gloves)
SustAt .         Harm     +     (no boots)
MR     +....                    i - amulet of harm
Stlth  ..........               (no ring)
                                (no ring)

@: exhausted, somewhat resistant to hostile enchantments, extremely unstealthy
A: antennae 1, yellow scales 2, cold resistance 1
a: Berserk, Trog's Hand, Brothers in Arms, Burn Spellbooks, Renounce Religion


You were on level 8 of the Dungeon.
You worshipped Trog.
Trog was extremely pleased with you.
You were near starving.

You visited 1 branch of the dungeon, and saw 8 of its levels.

You collected 490 gold pieces.

Inventory:

Hand Weapons
 p - a +0 war axe (weapon)
Armour
 y - a cursed +0 cloak (worn)
 B - a +1 scale mail of magic resistance (worn)
Rods
 E - a +0 lightning rod (10/10)
   (You found it on level 7 of the Dungeon)
Jewellery
 i - an amulet of harm (around neck)
Wands
 q - a wand of digging (10/24)
 C - a wand of slowing (26/48)
 F - a wand of slowing (24/48)
 G - a wand of lightning (7/15)
 I - a wand of lightning (9/15)
Scrolls
 b - 3 scrolls of enchant weapon {unknown}
 e - a scroll of noise {unknown}
 j - 6 scrolls of remove curse {unknown}
 m - 2 scrolls of fog {unknown}
 n - 8 scrolls of identify {unknown}
 o - 4 scrolls of teleportation {unknown}
 u - a scroll of enchant armour {unknown}
 w - a scroll of recharging {unknown}
 A - a scroll of holy word {unknown}
 D - a scroll of random uselessness {unknown}
 H - a scroll of amnesia {unknown}
Potions
 d - 2 potions of agility {unknown}
 f - 2 potions of lignification {unknown}
 h - 3 potions of curing
 l - 4 potions of ambrosia {unknown}
 r - a potion of resistance {unknown}
 s - a potion of mutation {unknown}
 t - a potion of heal wounds {unknown}
 x - a potion of brilliance {unknown}
 z - a potion of invisibility {unknown}
Books
 g - a book of Cantrips

   Spells                             Type                      Level
   a - Corona                         Hexes                        1
   b - Animate Skeleton               Necromancy                   1
   c - Summon Small Mammal            Summoning                    1
   d - Apportation                    Translocation                1
   Trog disapproves of the use of such an item.
Comestibles
 a - 7 fruits
 c - 7 bread rations
 k - 3 beef jerkies
 v - a meat ration


   Skills:
 - Level 3.0 Fighting
 + Level 11.6 Axes
 - Level 1.7 Armour
 - Level 1.7 Dodging


You had 8 spell levels left.
You didn't know any spells.

Dungeon Overview and Level Annotations

Branches:
Dungeon (8/15)             Temple (0/1) D:4
   Lair: D:8-11

Altars:
Dithmenos
Elyvilon
Makhleb
Ru
Sif Muna


Innate Abilities, Weirdness & Mutations

You have a pair of small antennae on your head.
You are mostly covered in yellow scales (AC +3).
Your flesh is cold resistant.


Message History

You feel a strong urge to attack something.
Things that are here:
a fuming ruby potion; an emerald potion You are no longer berserk.
You are exhausted.
You feel yourself slow down.
You are near starving!
You see here a jackal corpse.
The ogre closely misses you. The ogre hits you with a giant club!!
* * * LOW HITPOINT WARNING * * *
The ogre hits you with a giant club.
* * * LOW HITPOINT WARNING * * *
The ogre hits you but does no damage.
You feel yourself speed up. The ogre closely misses you.
You slash the ogre!
The ogre is moderately wounded.
The ogre hits you with a giant club!!
You die...

#..# ####
##.#### ###....#
#..(...##
#...###...##
#### #.#.>#
##.##.#####
#O.#.....)#
##@##......#
#####..##......#
#..........#####
#####...<.....##
#.........<....#
#........<.....#
#........<.....#
#..............#
#...>..........#


You could see an ogre.

Vanquished Creatures
  Grinder (D:3)
  An orc warrior (D:8)
  5 ice beasts
  2 black bears
  A sky beast (D:7)
  2 centaurs
  2 giant frogs (D:6)
  2 scorpions
  A water moccasin skeleton (D:4)
  3 killer bees (D:7)
  A crimson imp (D:5)
  3 hounds
  2 jellies (D:7)
  An iguana (D:5)
  Ijyb (D:4)
  9 orc wizards
  7 worker ants
  2 hound skeletons
  4 adders
  2 shadow imps
  2 oozes
  An adder skeleton (D:6)
  5 worms
  2 dart slugs
  2 giant geckos
  27 orcs
  5 giant cockroaches
  14 goblins
  6 hobgoblins
  21 jackals
  4 kobolds (D:3)
  5 quokkas
  A ball python (D:3)
  12 bats
  3 giant newts
  6 rats
168 creatures vanquished.

Notes
Turn   | Place    | Note
--------------------------------------------------------------
     0 | D:1      | imganon the Demonspawn Berserker began the quest for the Orb.
     0 | D:1      | Reached XP level 1. HP: 18/18 MP: 1/1
    46 | D:1      | Reached skill level 3 in Axes
   102 | D:1      | Gained mutation: Your flesh is cold resistant. [demonic ancestry]
   102 | D:1      | Reached XP level 2. HP: 17/24 MP: 2/2
   401 | D:1      | Reached ** piety under Trog
   401 | D:1      | Gained mutation: You are partially covered in yellow scales (AC +2). [demonic ancestry]
   401 | D:1      | Reached XP level 3. HP: 24/29 MP: 3/3
   541 | D:2      | Reached skill level 4 in Axes
   664 | D:2      | Found a burning altar of Makhleb.
   685 | D:2      | Reached XP level 4. HP: 15/35 MP: 4/4
  1383 | D:3      | Noticed Grinder
  1393 | D:3      | Killed Grinder
  1393 | D:3      | Reached skill level 6 in Axes
  1393 | D:3      | Reached XP level 5. HP: 41/41 MP: 5/5
  1393 | D:3      | Gained mutation: You are mostly covered in yellow scales (AC +3). [demonic ancestry]
  1393 | D:3      | Reached XP level 6. HP: 47/47 MP: 6/6
  1422 | D:3      | Reached *** piety under Trog
  1619 | D:3      | Found a deep blue altar of Sif Muna.
  1733 | D:3      | Found a white marble altar of Elyvilon.
  2284 | D:4      | Reached skill level 7 in Axes
  2346 | D:4      | Noticed Ijyb
  2356 | D:4      | Killed Ijyb
  2721 | D:4      | Gained mutation: You have a pair of small antennae on your head. [demonic ancestry]
  2721 | D:4      | Reached XP level 7. HP: 48/52 MP: 7/7
  2756 | D:4      | Reached **** piety under Trog
  2931 | D:4      | Found a staircase to the Ecumenical Temple.
  3010 | D:5      | Entered Level 5 of the Dungeon
  3246 | D:5      | Reached skill level 8 in Axes
  4304 | D:6      | Found a shadowy altar of Dithmenos.
  4370 | D:6      | Reached skill level 9 in Axes
  4370 | D:6      | Reached XP level 8. HP: 50/58 MP: 8/8
  4816 | D:7      | Reached skill level 10 in Axes
  4840 | D:7      | Reached ***** piety under Trog
  5347 | D:7      | Found a sacrificial altar of Ru.
  5383 | D:7      | Reached skill level 11 in Axes
  5432 | D:7      | Reached XP level 9. HP: 60/63 MP: 9/9
  5734 | D:7      | Received a gift from Trog
  6043 | D:8      | Mangled by an ogre

Skill      XL: |  1  2  3  4  5  6  7  8 |
---------------+-------------------------+-----
Axes           | 3 4 6 7 9 11 | 11.6
Fighting       | |  3.0
Armour         | |  1.7
Dodging        | |  1.7

Action                   |  1- 3 |  4- 6 |  7- 9 || total
-------------------------+-------+-------+-------++-------
Melee: Hand axe          |   126 |    61 |       ||   187
       War axe           |       |   131 |   292 ||   423
Invok: Berserk           |       |     1 |     3 ||     4
  Use: Potion            |       |       |     1 ||     1
  Eat: Chunk             |       |     7 |    10 ||    17
       Fruit             |       |       |     3 ||     3
Armor: Animal skin       |     7 |       |       ||     7
       Chain mail        |    89 |   131 |    67 ||   287
       Scale mail        |       |       |   107 ||   107
Dodge: Dodged            |    84 |    96 |   158 ||   338
